 Dungeon Crawl Stone Soup version 0.21.1-1-g345015f (webtiles) character file.

189 inc the Changer (level 5, -9/22 HPs)
             Began as a Felid Transmuter on Mar 13, 2018.
             Mangled by an ogre
             ... wielding a +0 giant club
              (20 damage)
             ... on level 4 of the Dungeon.
             The game lasted 00:05:44 (4501 turns).

inc the Changer (Felid Transmuter)                  Turns: 4501, Time: 00:05:45

Health: -9/22      AC:  1    Str:  6    XL:     5   Next: 40%
Magic:  5/9        EV: 21    Int: 15    God:
Gold:   81         SH:  0    Dex: 17    Spells: 2/8 levels left
                                        Lives:  0   Deaths: 1

rFire    . . .     SeeInvis +     - Unarmed
rCold    . . .     Gourm    .   (shield unavailable)
rNeg     . . .     Faith    .   (armour unavailable)
rPois    .         Spirit   .   (helmet unavailable)
rElec    .         Reflect  .   (cloak unavailable)
rCorr    .         Harm     .   (gloves unavailable)
MR       .....                  (boots unavailable)
Stlth    +++.......             (no amulet)
HPRegen  0.07/turn              d - ring of stealth
MPRegen  0.11/turn              (no ring)

@: quick
A: very small, no armour, no weapons or thrown items, stealth, claws 1, fangs 3,
see invisible, carnivore, speed 1, shaggy fur 1, slow metabolism 1, sharp paws
a: no special abilities


You were on level 4 of the Dungeon.
You were not hungry.

You visited 1 branch of the dungeon, and saw 4 of its levels.
You also visited: Sewer.

You collected 81 gold pieces.

Inventory:

Missiles
 a - 36 arrows
Jewellery
 d - a ring of stealth (left paw)
Scrolls
 e - a scroll of enchant weapon {unknown}
 f - a scroll of blinking {unknown}
 g - 4 scrolls of identify {unknown}
 i - a scroll of noise {unknown}
 j - a scroll of amnesia {unknown}
 l - 3 scrolls of teleportation {unknown}
 m - a scroll of remove curse {unknown}
 n - a scroll of fog {unknown}
Potions
 h - 3 potions of magic
 k - a potion of curing
 o - 2 potions of agility {unknown}
 p - a potion of haste
Books
 b - a book of Changes

   Spells                             Type                      Level
   a - Beastly Appendage              Transmutation                1
   b - Sticks to Snakes               Transmutation                2
   c - Spider Form                    Transmutation/Poison         3
   d - Ice Form                       Ice/Transmutation            4
   e - Blade Hands                    Transmutation                5
Comestibles
 c - 5 rations


   Skills:
 - Level 1.0 Fighting
 - Level 5.3 Dodging
 - Level 3.0 Unarmed Combat
 - Level 2.0 Spellcasting
 + Level 5.7 Transmutations


You had 2 spell levels left.
You knew the following spells:

 Your Spells              Type           Power        Failure   Level  Hunger
a - Beastly Appendage     Tmut           ###...       1%          1    #......
b - Sticks to Snakes      Tmut           ###.....     3%          2    ###....
c - Spider Form           Tmut/Pois      ##........   21%         3    ###....


Dungeon Overview and Level Annotations

Branches:
Dungeon (4/15)
 Temple: D:4-7

Altars:
Ashenzari
Vehumet


Innate Abilities, Weirdness & Mutations

You cannot wear armour.
You are incapable of wielding weapons or throwing items.
Your paws allow you to move quietly. (Stealth)
You have sharp claws.
You have razor-sharp teeth.
You have supernaturally acute eyesight. (SInv)
You are carnivorous and can eat meat at any time.
You cover ground quickly.
You are covered in fur. (AC +1)
You have a slow metabolism.
Your sharp claws are effective at attacking unaware monsters.


Message History

You are too injured to fight recklessly!
You are too injured to fight recklessly!
You are too injured to fight recklessly!
You are too injured to fight recklessly!
You are too injured to fight recklessly!
You are too injured to fight recklessly!
You are too injured to fight recklessly!
You are too injured to fight recklessly!
You are too injured to fight recklessly!
You are too injured to fight recklessly!
You are too injured to fight recklessly!
Casting: Sticks to Snakes
Confirm with . or Enter, or press ? or * to list all spells.
You create a snake!
You now have 37 arrows.
Casting: Sticks to Snakes
Confirm with . or Enter, or press ? or * to list all spells.
You create a snake!
You now have 36 arrows.
The ogre hits you with a giant club!!
Ouch! That really hurt!
You die...

##.##.#...........#
............).....##
...........<......<.
...................#
........#[........#
#......##.........#
#......#...S......#
..................#
.........@O.......#
...##.##..........#
. #8. #.S).......#
................#
..#8.8#............
...##.###.#######.##
.. ... #.# .# .. ...
#


You could see an ogre, a friendly adder and a friendly ball python.

Vanquished Creatures
  A centaur (D:3)
  3 gnolls (D:3)
  4 adders
  4 river rats (Sewer)
  An ooze (D:2)
  A worm (D:2)
  2 dart slugs (D:3)
  3 leopard geckos
  4 orcs (D:3)
  A ball python (Sewer)
  8 bats
  3 giant cockroaches
  5 goblins
  8 hobgoblins
  14 frilled lizards
  6 kobolds
  A leopard gecko skeleton (D:3)
  18 rats
87 creatures vanquished.

Vanquished Creatures (collateral kills)
  A worm (D:3)
  An orc (D:3)
  A ball python (D:3)
  A quokka (D:3)
4 creatures vanquished.

Vanquished Creatures (others)
  An orc priest (D:3)
  An orc (D:3)
  A giant cockroach (D:3)
3 creatures vanquished.

Grand Total: 94 creatures vanquished

Notes
Turn   | Place    | Note
-------+----------+-------------------------------------------
     0 | D:1      | inc the Felid Transmuter began the quest for the Orb.
     0 | D:1      | Reached XP level 1. HP: 9/9 MP: 4/4
   422 | D:1      | Reached XP level 2. HP: 12/12 MP: 6/6
  1123 | D:1      | Reached XP level 3. HP: 15/15 MP: 7/7
  1597 | D:2      | Reached skill level 5 in Dodging
  1706 | D:2      | Found a faded altar of an unknown god.
  2176 | D:3      | Learned a level 2 spell: Sticks to Snakes
  2180 | D:3      | Learned a level 3 spell: Spider Form
  2243 | D:3      | Found a radiant altar of Vehumet.
  2557 | D:3      | Reached XP level 4. HP: 11/19 MP: 8/8
  2729 | D:3      | Found a glowing drain.
  2771 | Sewer    | Entered a sewer
  3173 | Sewer    | Reached XP level 5. HP: 14/22 MP: 7/9
  3763 | D:3      | Found a shattered altar of Ashenzari.
  3825 | D:3      | Noticed a centaur
  3835 | D:3      | Slain by a centaur
  3836 | D:3      | Reached XP level 4. HP: -3/19 MP: 6/8
  3923 | D:3      | Killed a centaur
  3923 | D:3      | Reached skill level 5 in Transmutations
  3923 | D:3      | Reached XP level 5. HP: 5/22 MP: 9/9
  4478 | D:4      | Noticed an ogre
  4501 | D:4      | Mangled by an ogre

Skill      XL: |  1  2  3  4 |
---------------+-------------+-----
Dodging        | 3 4 5 |  5.3
Transmutations | 5 |  5.7
Fighting       | |  1.0
Unarmed Combat | |  3.0
Spellcasting   | |  2.0

Action                   |  1- 3 |  4- 6 || total
-------------------------+-------+-------++-------
Melee: Unarmed           |   172 |   124 ||   296
       Bite              |    20 |    11 ||    31
       Headbutt          |     4 |     7 ||    11
       Punch             |     1 |     1 ||     2
 Cast: Beastly Appendage |     3 |     9 ||    12
       Sticks to Snakes  |     2 |     9 ||    11
  Use: Potion            |     3 |     1 ||     4
 Stab: Sleeping          |     5 |    11 ||    16
  Eat: Chunk             |     6 |       ||     6
Armor: Skin              |    13 |     2 ||    15
Dodge: Dodged            |   139 |    87 ||   226
